 Dungeon Crawl Stone Soup version 0.30.0-5-g1a98f26d00 (webtiles) character file.

Game seed: 17829546551370719334

5 SnakkuSnakku7 the Magician (level 1, -1/11 HPs)
             Began as a Deep Elf Transmuter on May 11, 2023.
             Slain by a kobold
             ... wielding a +0 short sword
              (4 damage)
             ... on level 1 of the Dungeon.
             The game lasted 00:00:26 (131 turns).

SnakkuSnakku7 the Magician (Deep Elf Transmuter)     Turns: 131, Time: 00:00:26

Health: -1/11      AC:  2    Str:  7    XL:     1   Next: 66%
Magic:  5/6        EV: 12    Int: 17    God:
Gold:   36         SH:  0    Dex: 15    Spells: 5/6 levels left

rFire   . .          .
                       - Unarmed
rCold   . . .        (no shield)
rNeg    . . .        a - +0 robe
rPois   .            (helmet currently unavailable)
rElec   .            (no cloak)
rCorr   .            (no gloves)
SInv    .            (boots currently unavailable)
Will    .....        (no amulet)
Stlth   +            (no ring)
HPRegen 0.21/turn    (no ring)
MPRegen 0.10/turn

%: no passive effects
@: appendages
A: horns 2, talons 2
a: End Transformation


You were on level 1 of the Dungeon.
You had temporarily grown beastly horns and talons.
You visited 1 branch of the dungeon, and saw 1 of its levels.

You collected 36 gold pieces.

Inventory:

Armour
 a - a +0 robe (worn)
Scrolls
 c - a scroll of magic mapping {unknown}
 d - a scroll of fear {unknown}
Potions
 b - a potion of lignification


   Skills:
 - Level 0.7 Fighting
 - Level 2.4 Dodging
 + Level 2.6 Unarmed Combat
 - Level 3.0 Spellcasting
 + Level 2.5 Transmutations


You had 5 spell levels left.
You knew the following spells:

 Your Spells              Type           Power      Damage    Failure   Level
a - Beastly Appendage     Tmut           22%        N/A       6%          1

Your spell library contained the following spells:

 Spells                   Type           Power      Damage    Failure   Level
 Wereblood                Tmut           11%        N/A       10%         2
 Magic Dart               Conj           8%         1d3       17%         1
 Call Imp                 Summ           4%         N/A       26%         2
 Spider Form              Tmut/Pois      6%         N/A       30%         3
 Mephitic Cloud           Conj/Pois/Air  2%         N/A       45%         3
 Ice Form                 Ice/Tmut       6%         N/A       71%         4


Dungeon Overview and Level Annotations

Branches:
Dungeon (1/15)

Altars:


Innate Abilities, Weirdness & Mutations

You have temporarily grown beastly horns and talons.


Message History

The hobgoblin shouts!
There are monsters nearby!
There are monsters nearby!
Found a scroll labelled LOSHAE MIDWES.
Casting: Beastly Appendage (safe; 7% risk of failure)
Confirm with . or Enter, or press ? or * to list all spells.
You grow a pair of large bovine horns.
Your feet morph into talons.
Your transformation is almost over.
The hobgoblin closely misses you.
You hit the hobgoblin.
The hobgoblin is heavily wounded.
The hobgoblin barely misses you.
You hit the hobgoblin.
The hobgoblin is severely wounded.
The hobgoblin misses you.
You hit the hobgoblin.
You kill the hobgoblin!
The rat barely misses you.
You hit the rat. Your kick misses the rat.
The rat is severely wounded.
The rat bites you but does no damage.
You hit the rat.
You kill the rat!
A kobold comes into view. It is wielding a +0 short sword.
The kobold shouts!
A kobold is nearby!
Your horns disappear.
Your talons disappear.
The kobold barely misses you.
You hit the kobold but do no damage.
The kobold hits you with a +0 short sword.
You hit the kobold but do no damage.
The kobold hits you with a +0 short sword.
Casting: Beastly Appendage (safe; 6% risk of failure)
Confirm with . or Enter, or press ? or * to list all spells.
You grow a pair of large bovine horns.
Your feet morph into talons.
The kobold hits you with a +0 short sword.
* * * LOW HITPOINT WARNING * * *
You closely miss the kobold.
The kobold hits you with a +0 short sword.
You die...

. ####.......#
...#.....##.......#
...#..............# ...
..............# ...
.............#
...####...........##
#+#.............K..#
#......##.###...@..#
.......'....+......+
##.....##.#.#......###
....#####.#........?..#
###.....#.#....######.#
###.....#....# ..
.##..#.#+## . .......
## ###...


You could see a kobold.

Vanquished Creatures
  2 endoplasms (D:1)
  A hobgoblin (D:1)
  A frilled lizard (D:1)
  A rat (D:1)
5 creatures vanquished.

Notes
Turn   | Place    | Note
-------+----------+-------------------------------------------
     0 | D:1      | SnakkuSnakku7 the Deep Elf Transmuter began the quest for
                  | the Orb.
     0 | D:1      | Reached XP level 1. HP: 11/11 MP: 6/6
   131 | D:1      | Slain by a kobold

Illustrated notes

Levels and vault maps discovered:
D:1:      minmay_arrival_shoal_huts, layout_basic

Action                     || total
---------------------------++-------
  Melee: Unarmed           ||    17
         Kick              ||     2
         Headbutt          ||     1
   Cast: Beastly Appendage ||     4
   Stab: Sleeping          ||     1
 Armour: Robe              ||     3
  Dodge: Dodged            ||     9
